[Event "Titled Tuesday Blitz May 16 Late 2023"]
[White "Rosen, Eric"]
[Black "Kovacevic, Radmila"]
[WhiteFideId "2032562"]
[BlackFideId "933171"]
[WhiteElo "2331"]
[BlackElo "2194"]
[Result "1-0"]
[Round "07"]
[TimeControl "180+2"]
[Date "2023.05.16"]
[WhiteClock "0:00:13"]
[BlackClock "0:00:07"]

1. e4 e5 2. Nf3 f5 3. Nxe5 Qf6 4. d4 d6 5. Nd3 fxe4 6. Nf4 c6 7. d5 c5 8. Nc3 Bf5 9. g4 Bd7 10. Bg2 Qh4 11. h3 Nf6 12. Nxe4 Nxe4 13. Bxe4 Be7 14. Qd3 Na6 15. c3 O-O-O 16. Be3 Rhf8 17. O-O-O g5 18. Ne6 Bxe6 19. dxe6 Nc7 20. Bxh7 d5 21. Bf5 b6 22. a4 Kb7 23. Qc2 a5 24. Kb1 Ka7 25. Qe2 Rd6 26. Bc1 Rfd8 27. f4 Qh8 28. fxg5 d4 29. c4 Qg7 30. h4 b5 31. axb5 Kb6 32. Bf4 d3 33. Rxd3 Rxd3 34. Bxd3 Qd4 35. Bxc7+ Kxc7 36. Rd1 Kb6 37. Bc2 Qf4 38. Rxd8 Bxd8 39. e7 Bxe7 40. Qxe7 Qf1+ 41. Ka2 Qxc4+ 42. Bb3 Qxg4 43. Qe6+ Kxb5 44. Qxg4 1-0


[Site "https://www.chess.com"]

[Event "Titled Tuesday Blitz May 16 Late 2023"]
[White "Fishbein, Mitch"]
[Black "marik_spb"]
[WhiteFideId "30922917"]
[WhiteElo "1964"]
[BlackElo "2437"]
[Result "0-1"]
[Round "07"]
[TimeControl "180+2"]
[Date "2023.05.16"]
[WhiteClock "0:00:04"]
[BlackClock "0:00:28"]

1. e4 c6 2. d4 d5 3. Nc3 dxe4 4. Nxe4 Nf6 5. Qd3 Nxe4 6. Qxe4 Qd5 7. Bd3 Qxe4+ 8. Bxe4 g6 9. Nf3 Bg7 10. c3 Nd7 11. Ke2 O-O 12. Bf4 Re8 13. Rhe1 e5 14. dxe5 Nxe5 15. Nxe5 Bxe5 16. Kf3 Bxf4 17. Kxf4 Be6 18. a3 Rad8 19. Rad1 Kg7 20. h4 h6 21. g4 Rxd1 22. Rxd1 Bxg4 23. Bxc6 bxc6 24. Kxg4 Re2 25. b4 Rxf2 26. Rd7 Rc2 27. Rxa7 Rxc3 28. Kf4 Rc4+ 29. Kg3 h5 30. Rc7 Rc3+ 31. Kf4 Rxa3 32. Rxc6 Rh3 33. b5 Rxh4+ 34. Ke5 Rb4 35. b6 h4 36. Kd6 g5 37. Kc7 h3 38. b7 h2 39. Rc1 g4 40. Kd6 g3 41. Ke5 g2 0-1


[Site "https://www.chess.com"]

[Event "Titled Tuesday Blitz May 16 Late 2023"]
[White "Kim, Sergey"]
[Black "Kovalevsky, Stanislav"]
[WhiteFideId "13700570"]
[BlackFideId "13508598"]
[WhiteElo "2583"]
[BlackElo "2174"]
[Result "0-1"]
[Round "07"]
[TimeControl "180+2"]
[Date "2023.05.16"]
[WhiteClock "0:00:21"]
[BlackClock "0:00:32"]

1. d4 Nf6 2. c4 e6 3. Nc3 Bb4 4. Qc2 Bxc3+ 5. Qxc3 b6 6. Nf3 Bb7 7. g3 d5 8. Bg2 Ne4 9. Qc2 O-O 10. O-O Nd7 11. cxd5 exd5 12. Rd1 c5 13. dxc5 bxc5 14. b3 Rc8 15. Bb2 Qb6 16. Bh3 f5 17. Rac1 g5 18. Nxg5 Nxg5 19. Bxf5 Rc7 20. Bxh7+ Nxh7 21. Qd2 d4 22. b4 Qc6 23. f3 Qe6 24. bxc5 Qe3+ 25. Qxe3 dxe3 26. Rd6 Ndf6 27. c6 Ba6 28. Re6 Bxe2 29. Rxe3 Bb5 30. Re6 Re8 31. Rxf6 Nxf6 32. Bxf6 Rxc6 0-1


[Site "https://www.chess.com"]

[Event "Titled Tuesday Blitz May 16 Late 2023"]
[White "Kielinkei"]
[Black "Moore, Nicholas"]
[BlackFideId "4303709"]
[WhiteElo "2425"]
[BlackElo "2567"]
[Result "1/2-1/2"]
[Round "07"]
[TimeControl "180+2"]
[Date "2023.05.16"]
[WhiteClock "0:00:31"]
[BlackClock "0:01:43"]

1. e4 c5 2. a3 g6 3. Nc3 Bg7 4. Bc4 Nc6 5. d3 e6 6. Ba2 Nge7 7. h4 h5 8. Bg5 d6 9. Nge2 Rb8 10. Qd2 b5 11. O-O O-O 12. Bh6 a5 13. Bxg7 Kxg7 14. d4 b4 15. axb4 axb4 16. Nd1 Qb6 17. dxc5 Qxc5 18. Ne3 Ba6 19. Rfc1 Bxe2 20. Qxe2 Nd4 21. Qd3 Ra8 22. c3 bxc3 23. bxc3 Ndc6 24. Nc4 Rfd8 25. Bb3 Rab8 26. Rcb1 Ne5 27. Nxe5 Qxe5 28. Bc2 Rbc8 29. Ra3 Rd7 30. Ba4 Rdc7 31. Rc1 Ng8 32. Bd1 Nf6 33. Bf3 Qf4 34. Rc2 Rc4 35. g3 Qe5 36. Ra6 R8c6 37. Rxc6 Rxc6 38. c4 Nd7 39. Kg2 Qc5 40. Qc3+ Ne5 41. Be2 Rc7 42. f4 Qc6 43. fxe5 Qxe4+ 44. Bf3 Qxe5 45. Qxe5+ dxe5 46. c5 Kf6 47. Be4 Ke7 48. Kf2 f5 49. Bd3 e4 50. Bb5 Kf6 51. Ke3 Ke5 52. c6 Kd5 53. Rd2+ Kc5 54. Ba4 e5 55. Rd7 Rc8 56. Rg7 Kb4 57. Ra7 Kc5 58. c7 Kb6 59. Bd7 Rxc7 60. Rxc7 Kxc7 61. Be8 f4+ 62. gxf4 exf4+ 63. Kxe4 Kd6 64. Kxf4 Ke7 65. Bxg6 Kf8 66. Kg5 Kg7 67. Kxh5 Kh8 68. Kh6 Kg8 69. Bh7+ Kh8 70. Bf5 Kg8 71. Be6+ Kh8 72. Kg5 Kg7 73. Bh3 Kh8 74. Bg2 Kg7 75. Bh1 Kh8 76. Bf3 Kg7 77. Bd1 Kh8 78. Bb3 Kg7 79. Ba2 Kh8 80. Bb1 Kg7 81. Bd3 Kh8 82. Bb5 Kg7 83. Ba6 Kh8 84. Bb7 Kg7 85. Ba8 Kh8 86. Bf3 Kg7 87. Bg2 Kh8 88. Kg4 Kg7 89. Kg3 Kh8 90. Kh3 Kg7 91. Be4 Kh8 92. Bd3 Kg7 93. Bc4 Kh8 94. Bb5 Kg7 95. Ba6 Kh8 96. Kh2 Kg7 97. Kg2 Kh8 98. Kf3 Kg7 99. Kg3 Kh8 100. Bb7 Kg7 101. Bh1 Kh8 102. Bg2 Kg7 103. Bf3 Kh8 104. Be4 Kg7 105. Bd5 Kh8 106. Bc6 Kg7 107. Bb7 Kh8 108. Ba8 Kg7 109. Kf3 Kh8 110. Ke4 Kg7 111. Kf4 Kh8 112. Kg5 Kg7 113. h5 Kh8 114. Bb7 Kg7 115. Ba6 Kh8 116. Bb5 Kg7 117. Ba4 Kh8 118. Bb3 Kg7 119. Ba2 Kh8 120. Bb1 Kg7 121. Bc2 Kh8 122. Bd1 Kg7 123. Be2 Kh8 124. Bf1 Kg7 125. Bg2 Kh8 126. Bh1 Kg7 127. Bg2 Kh8 128. Bh3 Kg7 129. Bg4 Kh8 130. Bf5 Kg7 131. Be6 Kh8 132. Bd7 Kg7 133. Bc8 Kh8 134. Bb7 Kg7 135. Bc6 Kh8 136. Bd5 Kg7 137. Kg4 Kh8 138. Be4 Kg7 139. Bf3 Kh8 140. Be2 Kg7 141. Bd1 Kh8 142. Bc2 Kg7 143. Bb1 Kh8 144. Ba2 Kg7 145. Bb3 Kh8 146. Kg5 Kg7 147. h6+ Kh8 148. Bc2 Kg8 149. Bd1 Kh8 150. Be2 Kg8 151. Bf1 Kh8 152. Bg2 Kg8 153. Bh1 Kh8 154. Bf3 Kg8 155. Bg4 Kh8 156. Bf5 Kg8 157. Be6+ Kh8 158. Bd7 Kg8 159. Bc8 Kh8 160. Bb7 Kg8 161. Ba6 Kh8 162. Bb5 Kg8 163. Ba4 Kh8 164. Bb3 Kh7 165. Ba2 Kh8 166. Bb1 Kg8 167. Bc2 Kh8 168. Bd1 Kg8 169. Be2 Kh8 170. Bf1 Kg8 171. Bg2 Kh8 172. Bf3 Kg8 173. Bg4 Kh8 174. Bf5 Kg8 175. Kf6 Kh8 176. Kg6 Kg8 177. Bh3 Kh8 178. Bf1 Kg8 179. Ba6 Kh8 180. Bb7 Kg8 181. Ba8 Kh8 182. Bg2 Kg8 183. Bf1 Kh8 184. Bd3 Kg8 185. Bb5 Kh8 186. Ba4 Kg8 187. Kh5 Kh8 188. Bd1 Kg8 189. Bg4 Kh8 190. Kg5 Kg8 191. Be6+ Kh8 192. Bd7 Kg8 193. Bc8 Kh8 194. Bh3 Kg8 195. Bg2 Kh8 196. Kg6 Kg8 197. Bf3 1/2-1/2


[Site "https://www.chess.com"]

[Event "Titled Tuesday Blitz May 16 Late 2023"]
[White "Sliwicki, Damian"]
[Black "Gatterer, Florian"]
[WhiteFideId "1127128"]
[BlackFideId "811688"]
[WhiteElo "2030"]
[BlackElo "2221"]
[Result "0-1"]
[Round "07"]
[TimeControl "180+2"]
[Date "2023.05.16"]
[WhiteClock "0:00:00"]
[BlackClock "0:00:47"]

1. d4 Nf6 2. Nc3 d5 3. Bf4 c5 4. e3 cxd4 5. exd4 Bg4 6. Nf3 Nc6 7. Be2 e6 8. O-O Bxf3 9. Bxf3 Qb6 10. Re1 O-O-O 11. Be3 Qxb2 12. Qd2 Bb4 13. Qd1 Qxc3 14. Rf1 Ne4 15. Rb1 Bd6 16. Rb3 Qa5 17. Qd3 Qa6 18. Qd1 Na5 19. Rd3 f5 20. Qb1 Kd7 21. Be2 Qc6 22. Ra3 Nc4 23. Rxa7 Kc7 0-1


[Site "https://www.chess.com"]

[Event "Titled Tuesday Blitz May 16 Late 2023"]
[White "Gutkin, Ilya"]
[Black "Ismayil, Malak"]
[WhiteFideId "16203470"]
[BlackFideId "13412604"]
[WhiteElo "2265"]
[BlackElo "1868"]
[Result "0-1"]
[Round "07"]
[TimeControl "180+2"]
[Date "2023.05.16"]
[WhiteClock "0:00:03"]
[BlackClock "0:00:18"]

1. Nf3 Nf6 2. g3 d5 3. Bg2 e6 4. d4 Be7 5. c4 dxc4 6. Qc2 b5 7. a4 c6 8. O-O O-O 9. axb5 cxb5 10. Ng5 h6 11. Bxa8 hxg5 12. Bxg5 Qxd4 13. Nc3 b4 14. Be3 Qe5 15. Rxa7 bxc3 16. Rxe7 cxb2 17. Qxc4 Ba6 18. Qd4 Qxd4 19. Bxd4 Bxe2 20. Re1 Bd3 21. Bxb2 Nbd7 22. Bc6 Nb6 23. Bxf6 gxf6 24. Re8 Rxe8 25. Bxe8 Kf8 26. Bc6 Nc8 27. Rd1 Ne7 28. Rxd3 Nxc6 29. h4 Ne5 30. Rc3 f5 31. Kg2 Kg7 32. Ra3 Kf6 33. Ra5 Ng4 34. f3 Ne3+ 35. Kf2 Nd5 36. Ke2 Ne7 37. Ke3 Ng6 38. Ra4 Ne5 39. g4 fxg4 40. fxg4 Ng6 41. h5 Ne5 42. Kf4 Nd3+ 43. Kg3 Ne5 44. Kh4 Nf3+ 45. Kg3 Ne5 46. Re4 Nd7 47. Kh4 e5 48. Ra4 Nc5 49. Ra5 Ne6 50. Ra6 e4 51. g5+ Kf5 52. Ra5+ Kf4 53. h6 Nf8 54. Ra6 e3 55. h7 Nxh7 56. Rh6 Nxg5 57. Rf6+ Ke5 58. Kxg5 e2 59. Rxf7 Ke6 60. Rf8 Ke7 61. Rf5 e1=Q 62. Kf4 Ke6 63. Rg5 Qd2+ 64. Kg4 Kf6 65. Rf5+ Kg6 66. Re5 Qg2+ 67. Kf4 Qh2+ 68. Ke4 Kf6 69. Rf5+ Ke6 70. Rf4 Qc2+ 71. Kd4 Qa4+ 72. Ke3 Qb3+ 73. Kd4 Qb4+ 74. Ke3 Qc3+ 75. Ke4 Qe5+ 76. Kf3 Kd5 77. Kg3 Qe3+ 78. Kg4 Ke5 79. Rf5+ Ke4 80. Rf6 Qg1+ 81. Kh5 Ke5 82. Rg6 Qh2+ 83. Kg5 Qg3+ 84. Kh6 Qh4+ 85. Kg7 Qe7+ 86. Kh6 Kf5 87. Rg7 Qh4# 0-1


[Site "https://www.chess.com"]

[Event "Titled Tuesday Blitz May 16 Late 2023"]
[White "Ollier, Pablo"]
[Black "Bogaudinov, Rushan"]
[WhiteFideId "652318"]
[BlackFideId "4129288"]
[WhiteElo "2498"]
[BlackElo "1941"]
[Result "0-1"]
[Round "07"]
[TimeControl "180+2"]
[Date "2023.05.16"]
[WhiteClock "0:00:18"]
[BlackClock "0:00:21"]

1. d4 Nf6 2. c4 e6 3. Nc3 d5 4. cxd5 Nxd5 5. e4 Nxc3 6. bxc3 Be7 7. Nf3 b6 8. Bd3 Bb7 9. O-O Nd7 10. Qe2 O-O 11. Rd1 c5 12. Bb2 Qc7 13. Rac1 Nf6 14. Bb1 Rfd8 15. h3 Qf4 16. Re1 Rac8 17. Rcd1 Bf8 18. Bc1 Qc7 19. Bg5 Be7 20. e5 Nd5 21. Qe4 g6 22. Qh4 Re8 23. c4 Nb4 24. a3 Bxf3 25. gxf3 Bxg5 26. Qxg5 Nc6 27. d5 exd5 28. cxd5 Nxe5 29. Qg3 Qd6 30. Re4 f5 31. Re2 Re7 32. Rde1 Rce8 33. Qg5 Nxf3+ 0-1


[Site "https://www.chess.com"]

[Event "Titled Tuesday Blitz May 16 Late 2023"]
[White "Pavlidou, Ekaterini"]
[Black "Stork, Oliver"]
[WhiteFideId "4213262"]
[BlackFideId "12955728"]
[WhiteElo "2126"]
[BlackElo "2239"]
[Result "0-1"]
[Round "07"]
[TimeControl "180+2"]
[Date "2023.05.16"]
[WhiteClock "0:00:14"]
[BlackClock "0:00:24"]

1. d4 Nf6 2. c4 e6 3. Nc3 Bb4 4. e3 O-O 5. Bd3 d5 6. Ne2 dxc4 7. Bxc4 c5 8. a3 Bxc3+ 9. bxc3 Qc7 10. Ba2 b6 11. O-O Ba6 12. Bb2 Nc6 13. c4 Rfd8 14. Rc1 Rac8 15. Re1 Na5 16. d5 Ne8 17. Ng3 b5 18. cxb5 Bxb5 19. Qg4 exd5 20. Nf5 Bd7 21. Ne7+ Kf8 22. Qh4 h6 23. Nxd5 Qd6 24. e4 Be6 25. Rcd1 Nc6 26. f4 Nd4 27. e5 Qd7 28. Bxd4 cxd4 29. Rxd4 Rc2 30. Bb1 Rb2 31. Red1 Bxd5 32. Be4 Qc6 33. Qxd8 Bxe4 34. e6 Rxg2+ 35. Kf1 Qb5+ 36. R4d3 Bxd3+ 37. Kxg2 Qc6+ 38. Kf2 Qc5+ 39. Kg3 Qe3+ 40. Kg2 Be4+ 41. Kf1 Qf3+ 42. Ke1 Qe3+ 43. Kf1 Qxf4+ 44. Ke1 fxe6 45. Rd2 Qe3+ 46. Re2 Qg1+ 47. Kd2 Bd5 48. Qh4 Qg5+ 49. Qxg5 hxg5 50. Re5 Ke7 51. Rxg5 Kf6 52. Rg1 Nd6 53. Ke3 Nf5+ 54. Kf4 Nd4 55. Kg3 Nc2 56. Rc1 Nxa3 57. Ra1 Nb5 58. Ra5 Bc4 59. Kf4 e5+ 60. Ke4 Nd6+ 61. Ke3 a6 62. Rc5 Bb5 63. Rc1 Nc4+ 64. Kf2 e4 65. Rf1 e3+ 66. Ke1+ Ke5 67. Rh1 Nd2 68. h4 Nf3+ 69. Kd1 e2+ 70. Kc2 e1=Q 71. Rxe1+ Nxe1+ 72. Kd2 Nf3+ 73. Ke3 Nxh4 74. Kf2 g5 75. Kg3 Kf5 76. Kh3 a5 77. Kg3 a4 0-1


[Site "https://www.chess.com"]

[Event "Titled Tuesday Blitz May 16 Late 2023"]
[White "Avalos Parra, Joao"]
[Black "Estrada Nieto, Julian"]
[WhiteFideId "3402541"]
[BlackFideId "5101018"]
[WhiteElo "2173"]
[BlackElo "2161"]
[Result "1-0"]
[Round "07"]
[TimeControl "180+2"]
[Date "2023.05.16"]
[WhiteClock "0:00:27"]
[BlackClock "0:00:00"]

1. d4 d5 2. c4 dxc4 3. e4 e5 4. Nf3 exd4 5. Bxc4 Nc6 6. O-O Be6 7. Bb5 Bc5 8. b4 Bb6 9. a4 a6 10. Bxc6+ bxc6 11. Nbd2 Nf6 12. Ne5 Qd6 13. Nd3 Ng4 14. Nf3 Qe7 15. a5 Ba7 16. Bf4 O-O 17. Rc1 f5 18. exf5 Bxf5 19. Re1 Qf6 20. Bg3 Rae8 21. Qb3+ Be6 22. Qc2 Bd5 23. h3 Nh6 24. Nfe5 Re7 25. Nxc6 Rxe1+ 26. Nxe1 Bxc6 27. Qxc6 Nf5 28. Qxf6 Rxf6 29. Rxc7 Rf7 30. Rc8+ Rf8 31. Rxf8+ Kxf8 32. Nd3 Ke7 33. Be5 g6 34. g4 Nd6 35. Bxd6+ Kxd6 36. Kg2 Kd5 37. Kf3 Bb8 38. Nc5 Bd6 39. Nxa6 Kc4 40. Ke4 d3 41. Ke3 g5 42. Kd2 Bf4+ 43. Kd1 Kb5 44. Nc5 Kxb4 45. Nxd3+ Kxa5 46. Nxf4 gxf4 47. Ke2 Kb5 48. Kf3 Kc5 49. Kxf4 Kd4 50. Kg5 Ke4 51. f4 Kf3 52. f5 Kg3 53. f6 Kxh3 54. f7 h6+ 55. Kh5 1-0


[Site "https://www.chess.com"]

[Event "Titled Tuesday Blitz May 16 Late 2023"]
[White "Aggelis, Nikolaos"]
[Black "Ziatdinov, Raset"]
[WhiteFideId "4213220"]
[BlackFideId "2015323"]
[WhiteElo "2189"]
[BlackElo "2220"]
[Result "1-0"]
[Round "07"]
[TimeControl "180+2"]
[Date "2023.05.16"]
[WhiteClock "0:00:05"]
[BlackClock "0:00:00"]

1. c4 Nf6 2. d3 g6 3. Nf3 Bg7 4. g3 d6 5. Bg2 O-O 6. Nc3 Nc6 7. O-O e5 8. Rb1 Nh5 9. b4 f5 10. b5 Ne7 11. Bd2 h6 12. a4 f4 13. a5 c6 14. a6 bxa6 15. bxc6 Nxc6 16. Nxe5 Nxe5 17. Bxa8 Bh3 18. Bg2 Bxg2 19. Kxg2 f3+ 20. exf3 Nxf3 21. Qxf3 Rxf3 22. Kxf3 Qf8+ 23. Kg2 Qf5 24. Ne4 d5 25. cxd5 Qxd5 26. Rb8+ Kh7 27. Re1 Qxd3 28. Rb7 Qd5 29. Re7 Kg8 30. Rxa7 Nf6 31. Rxg7+ Kxg7 32. Bc3 a5 33. Bxf6+ Kf7 34. Kf3 a4 35. Re3 g5 36. h4 gxh4 37. gxh4 Qa8 38. Kg3 a3 39. Re1 a2 40. Be5 Kg6 41. f4 Qb7 42. f5+ Kh7 43. Nf6+ Kg7 44. Ne4+ Kf8 45. Kf4 Qb1 46. Re3 Qf1+ 47. Rf3 Qc1+ 48. Re3 a1=Q 49. Bxa1 Qxa1 50. Kf3 Qf1+ 51. Kg4 h5+ 52. Kxh5 Qxf5+ 53. Ng5 Qc5 54. Rf3+ Kg8 55. Kg6 Qc6+ 56. Rf6 Qc2+ 57. Rf5 Qc6+ 58. Rf6 Qc2+ 59. Kh5 Qe2+ 60. Rf3 Qe8+ 61. Kg4 Qc8+ 62. Rf5 Qc4+ 63. Rf4 Qe2+ 64. Nf3 Qg2+ 65. Kf5 Qc2+ 66. Re4 Qc8+ 67. Kf4 Qh3 68. Ng5 Qxh4+ 69. Kf5 Qf2+ 70. Kg6 Qb6+ 71. Re6 Qb1+ 72. Kh6 Qh1+ 73. Kg6 Qb1+ 74. Kf6 Qb2+ 75. Kg6 Qc2+ 76. Re4 Qc6+ 77. Kf5 Qd7+ 78. Ne6 Qh7+ 79. Ke5 Qh5+ 80. Kd6 Qd1+ 81. Ke7 Qd5 82. Rg4+ Kh7 83. Rh4+ Kg8 84. Rg4+ Kh7 85. Rf4 Qb7+ 86. Kf6 Qb2+ 87. Kf7 Qb7+ 88. Kf6 Qb2+ 89. Kf5 Qc2+ 90. Ke5 Qc3+ 91. Kf5 Qc2+ 92. Re4 Qf2+ 93. Nf4 Qc2 94. Ke5 Qc7+ 95. Kf6 Qd6+ 96. Ne6 Qg3 97. Re5 Qc3 98. Kf5 Qf3+ 99. Nf4 Qf1 100. Re7+ Kh6 101. Re6+ Kh7 102. Re7+ Kh6 103. Re3 Qb1+ 104. Nd3 Qb5+ 105. Ne5 Qf1+ 106. Rf3 Qb1+ 107. Ke6 Qb8 108. Rh3+ Kg5 109. Rg3+ Kf4 110. Rg4+ Ke3 111. Rc4 Qc8+ 112. Rxc8 1-0


[Site "https://www.chess.com"]

[Event "Titled Tuesday Blitz May 16 Late 2023"]
[White "Jimenez Almeida, Luis David"]
[Black "Silvestre, Christian"]
[WhiteFideId "22242244"]
[BlackFideId "30956269"]
[WhiteElo "2245"]
[BlackElo "2338"]
[Result "0-1"]
[Round "07"]
[TimeControl "180+2"]
[Date "2023.05.16"]
[WhiteClock "0:00:07"]
[BlackClock "0:00:10"]

1. e4 c6 2. Nc3 d5 3. Qf3 e6 4. Nh3 a6 5. d4 dxe4 6. Nxe4 Qxd4 7. c3 Qb6 8. Nhg5 f6 9. Nh3 e5 10. Bc4 Qc7 11. Be3 b5 12. Bb3 c5 13. Bxg8 Rxg8 14. Nxc5 Bxc5 15. Bxc5 Bb7 16. Qe3 Bxg2 17. Bb6 Qc6 18. O-O-O Nd7 19. Rhg1 Bxh3 20. Qxh3 Nxb6 21. Qxh7 Kf8 22. h4 b4 23. Rg3 Na4 24. Kb1 bxc3 25. Qc2 Nxb2 26. Rxc3 Qa4 27. Rc8+ Rxc8 28. Qxc8+ Kf7 29. Rd7+ Kg6 30. Qxg8 Qxd7 31. Kxb2 Qd2+ 32. Kb3 Qxf2 33. Qe6 Qxh4 34. Qxa6 Qd4 35. Qe6 Qd3+ 36. Kb2 Qe2+ 37. Kb3 e4 38. a4 Qd3+ 39. Kb2 e3 40. a5 Qd2+ 41. Kb3 Qxa5 42. Qxe3 Qf5 43. Qg3+ Kf7 44. Qc7+ Kg8 45. Kc3 Qe5+ 46. Qxe5 fxe5 47. Kd3 Kf7 48. Ke4 Ke6 0-1


[Site "https://www.chess.com"]

[Event "Titled Tuesday Blitz May 16 Late 2023"]
[White "Wizard_of_Odds"]
[Black "lluiss"]
[WhiteElo "2451"]
[BlackElo "2292"]
[Result "1-0"]
[Round "07"]
[TimeControl "180+2"]
[Date "2023.05.16"]
[WhiteClock "0:00:39"]
[BlackClock "0:00:00"]

1. Nf3 Nf6 2. c4 g6 3. b3 Bg7 4. Bb2 O-O 5. e3 d6 6. Be2 e5 7. d4 e4 8. Nfd2 Re8 9. Nc3 h5 10. h3 c5 11. dxc5 dxc5 12. Qc2 Qe7 13. O-O-O Nc6 14. a3 a5 15. Kb1 Ne5 16. Ncxe4 Bf5 17. Nxf6+ Bxf6 18. e4 Bd7 19. f4 Nc6 20. e5 Bg7 21. Ne4 a4 22. bxa4 Bf5 23. Bd3 Red8 24. Nd6 Bxd3 25. Rxd3 Ra6 26. Ka2 Rda8 27. g4 hxg4 28. hxg4 Rxa4 29. Kb1 R8a6 30. Rb3 b6 31. Rbh3 Qe6 32. f5 Qe7 33. f6 Bxf6 34. exf6 1-0


[Site "https://www.chess.com"]

[Event "Titled Tuesday Blitz May 16 Late 2023"]
[White "Sai Han Thiha"]
[Black "Magallanes, Rey Jomar"]
[WhiteFideId "13012290"]
[BlackFideId "5205948"]
[WhiteElo "1954"]
[BlackElo "2276"]
[Result "1/2-1/2"]
[Round "07"]
[TimeControl "180+2"]
[Date "2023.05.16"]
[WhiteClock "0:00:02"]
[BlackClock "0:00:19"]

1. d4 d5 2. Nf3 Nf6 3. c3 e6 4. Bf4 Bd6 5. e3 Bxf4 6. exf4 Nbd7 7. Nbd2 c5 8. Bd3 O-O 9. O-O b6 10. Ne5 Bb7 11. Re1 Rc8 12. Re3 cxd4 13. cxd4 Nxe5 14. fxe5 Nd7 15. Qh5 f5 16. exf6 Nxf6 17. Qe5 Re8 18. Rae1 Kf7 19. Nf3 h6 20. Qg3 Kg8 21. h3 Ne4 22. Qg6 Qf6 23. Qg4 Rcd8 24. R3e2 Bc8 25. Ne5 Qf5 26. Qxf5 exf5 27. Nc6 Rd6 28. Nxa7 Bd7 29. f3 Nf6 30. Rxe8+ Nxe8 31. Bxf5 Bxf5 32. Rxe8+ Kf7 33. Re5 Bd7 34. b3 b5 35. a4 bxa4 36. bxa4 Bxa4 37. Nc8 Rc6 38. Ne7 Rc4 39. Nf5 Rc1+ 40. Kh2 Bb3 41. g4 Kf6 42. h4 Rd1 43. f4 Rd2+ 44. Kg3 Rd3+ 45. Kf2 g6 46. g5+ hxg5 47. fxg5+ Kf7 48. Nd6+ Kf8 49. Re8+ Kg7 50. Re7+ Kf8 51. Re6 Rxd4 52. Rxg6 Rf4+ 53. Kg3 Rf1 54. Nb5 Kf7 55. Rd6 Bc4 56. Nd4 Rd1 57. Nf5 Rd3+ 58. Kf4 Rd1 59. Rf6+ Kg8 60. h5 Rf1+ 61. Ke5 Re1+ 62. Kd6 d4 63. Nxd4 Rd1 64. Kc5 Bd3 65. Ne6 Rc1+ 66. Kd4 Bb5 67. g6 Rc8 68. h6 Rc4+ 69. Kd5 Rc8 70. Rf7 Bc4+ 71. Ke5 Re8 72. Rf6 Bb3 73. Kf5 Bc2+ 74. Kg5 Bxg6 75. Rxg6+ Kh7 76. Rg7+ Kh8 77. Nf4 Re5+ 78. Kf6 Rf5+ 79. Kxf5 1/2-1/2


[Site "https://www.chess.com"]

[Event "Titled Tuesday Blitz May 16 Late 2023"]
[White "Prydun, Andriy"]
[Black "Harish, Neeraj"]
[WhiteFideId "14145898"]
[BlackFideId "30958130"]
[WhiteElo "2164"]
[BlackElo "1879"]
[Result "0-1"]
[Round "07"]
[TimeControl "180+2"]
[Date "2023.05.16"]
[WhiteClock "0:00:00"]
[BlackClock "0:00:10"]

1. e4 e5 2. Nf3 Nc6 3. Nc3 Nf6 4. Bb5 Bb4 5. O-O O-O 6. d3 Bxc3 7. bxc3 d6 8. Kh1 Bd7 9. Ng1 Ne7 10. Bc4 Ng6 11. f4 exf4 12. Bxf4 Nxf4 13. Rxf4 Be6 14. Bb3 Re8 15. Qf3 Bxb3 16. axb3 d5 17. exd5 Nxd5 18. Rxf7 Nf6 19. Rxf6 Qxf6 20. Qxb7 Qxc3 21. Qd5+ Kh8 22. Rf1 Qe5 23. Qc6 Qe7 24. Rf4 Rad8 25. Re4 Qf7 26. Nf3 Rxe4 27. Qxe4 h6 28. h3 Re8 29. Qd4 Qg6 30. Qxa7 Re2 31. Qa8+ Kh7 32. Ng1 Rxc2 33. Qb7 Qxd3 34. b4 Rc1 35. Kh2 Qd6+ 36. Kh1 Rb1 37. Qe4+ Qg6 38. Qc4 Rb2 39. Qe4 Qxe4 0-1


[Site "https://www.chess.com"]

[Event "Titled Tuesday Blitz May 16 Late 2023"]
[White "Pires, Marcos Vinicius Torsani"]
[Black "Schut, Han"]
[WhiteFideId "2118939"]
[BlackFideId "1005561"]
[WhiteElo "2273"]
[BlackElo "2024"]
[Result "1-0"]
[Round "07"]
[TimeControl "180+2"]
[Date "2023.05.16"]
[WhiteClock "0:01:10"]
[BlackClock "0:00:34"]

1. d4 Nf6 2. Bf4 d5 3. e3 e6 4. Nf3 Bd6 5. Bg3 b6 6. Nbd2 Bb7 7. Bd3 Ne4 8. Qe2 O-O 9. Ne5 f6 10. Nef3 Nd7 11. Ba6 Bxa6 12. Qxa6 Nxd2 13. Nxd2 e5 14. Qb7 exd4 15. Qxd5+ Kh8 16. Bxd6 cxd6 17. Qxd4 Nc5 18. O-O Qe7 19. Rad1 Rad8 20. Rfe1 d5 21. Qb4 f5 22. Nb3 Qd6 23. Rd2 Ne4 24. Qxd6 Rxd6 25. Rd4 f4 26. exf4 Rdf6 27. g3 Rf5 28. Red1 Nf6 29. R4d3 g5 30. Nd4 1-0


[Site "https://www.chess.com"]

[Event "Titled Tuesday Blitz May 16 Late 2023"]
[White "Goswami, Vedant"]
[Black "Mirzoev, Azer"]
[WhiteFideId "5003725"]
[BlackFideId "13400304"]
[WhiteElo "2011"]
[BlackElo "2525"]
[Result "0-1"]
[Round "07"]
[TimeControl "180+2"]
[Date "2023.05.16"]
[WhiteClock "0:00:53"]
[BlackClock "0:01:44"]

1. d4 c5 2. e3 Nf6 3. Nf3 g6 4. Nc3 Bg7 5. Be2 O-O 6. O-O d5 7. dxc5 e6 8. Rb1 a5 9. a3 Nfd7 10. Na4 Qc7 11. c4 dxc4 12. Bxc4 Nxc5 13. Nxc5 Qxc5 14. Qe2 Nc6 15. Bd2 Bd7 16. Rfc1 Qe7 17. Bc3 e5 18. Nd2 h6 19. Rd1 Kh7 20. Ne4 Bf5 21. Nd6 Bxb1 0-1


[Site "https://www.chess.com"]

[Event "Titled Tuesday Blitz May 16 Late 2023"]
[White "Bjelobrk, Igor"]
[Black "Slavin, Alexey"]
[WhiteFideId "4300726"]
[BlackFideId "24104388"]
[WhiteElo "2319"]
[BlackElo "2264"]
[Result "1-0"]
[Round "07"]
[TimeControl "180+2"]
[Date "2023.05.16"]
[WhiteClock "0:00:16"]
[BlackClock "0:00:16"]

1. d4 Nc6 2. d5 Ne5 3. e4 Ng6 4. h4 e5 5. h5 N6e7 6. c4 h6 7. Nc3 d6 8. Nf3 Nf6 9. Be2 Neg8 10. Nd2 Be7 11. a3 Nh7 12. b4 a6 13. Rb1 Bd7 14. Nb3 Bg5 15. c5 Bxc1 16. Rxc1 Ngf6 17. g3 O-O 18. Kf1 Ng5 19. Kg2 Ngxe4 20. Nxe4 Nxe4 21. Rh4 f5 22. Na5 Rb8 23. c6 bxc6 24. Nxc6 Ra8 25. Nxd8 Raxd8 26. Rxc7 Bc8 27. Qc2 Nf6 28. Bc4 Kh8 29. a4 Nd7 30. Qe2 Nb6 31. Bb3 Nd7 32. a5 Nf6 33. Bc4 Bd7 34. Ra7 Bb5 35. Bxb5 axb5 36. Qxb5 f4 37. gxf4 e4 38. Qb7 Rg8 39. a6 Rb8 40. Qc7 Rxb4 41. Qxd6 Rb2 42. Qe6 Re8 43. Re7 Rf8 44. a7 Nh7 45. Re8 Ra2 46. Rxf8+ Nxf8 47. Qe8 Rxa7 48. Qxf8+ Kh7 49. Qf5+ Kg8 50. Qxe4 Rf7 51. Rg4 Kf8 52. Rg6 Rd7 53. Re6 Kf7 54. f5 Ra7 55. d6 1-0


[Site "https://www.chess.com"]

[Event "Titled Tuesday Blitz May 16 Late 2023"]
[White "Marcziter, Dmitrii"]
[Black "OPQRC"]
[WhiteFideId "13900765"]
[WhiteElo "2162"]
[BlackElo "2553"]
[Result "1/2-1/2"]
[Round "07"]
[TimeControl "180+2"]
[Date "2023.05.16"]
[WhiteClock "0:01:13"]
[BlackClock "0:00:05"]

1. d4 Nf6 2. Nf3 e6 3. c4 d5 4. Nc3 c5 5. cxd5 Nxd5 6. e4 Nxc3 7. bxc3 cxd4 8. cxd4 Bb4+ 9. Bd2 Bxd2+ 10. Qxd2 O-O 11. Rb1 b6 12. Bd3 Bb7 13. O-O Nd7 14. Rfd1 Rc8 15. h3 Qe7 16. Qf4 Rfd8 17. e5 h6 18. Nd2 Nf8 19. Ne4 Ng6 20. Qe3 Bxe4 21. Bxe4 Qh4 22. Bxg6 fxg6 23. d5 exd5 24. e6 Qe4 25. Qa3 Qxe6 26. Qxa7 Rd6 27. Re1 Qf6 28. Re7 d4 29. Qb7 Rf8 30. Rc1 d3 31. Rcc7 Qxf2+ 32. Kh1 Kh8 33. Rxg7 Qe1+ 34. Kh2 Qe5+ 35. Kg1 Qd4+ 36. Kh2 Qf4+ 37. Kh1 Qf1+ 38. Kh2 Qf4+ 39. Kh1 Qf1+ 40. Kh2 Qf4+ 1/2-1/2


[Site "https://www.chess.com"]

[Event "Titled Tuesday Blitz May 16 Late 2023"]
[White "Carrasco Miranda, Andres"]
[Black "Blitz"]
[WhiteFideId "3405990"]
[WhiteElo "2183"]
[BlackElo "2498"]
[Result "1-0"]
[Round "07"]
[TimeControl "180+2"]
[Date "2023.05.16"]
[WhiteClock "0:01:10"]
[BlackClock "0:01:21"]

1. d4 d5 2. c4 c6 3. Nf3 Nf6 4. Qb3 e6 5. Nc3 Be7 6. Bg5 O-O 7. e3 Nbd7 8. Bd3 b6 9. O-O Bb7 10. Rfd1 h6 11. Bf4 Rc8 12. h3 Re8 13. Rac1 c5 14. cxd5 Nxd5 15. Nxd5 exd5 16. Bf5 c4 17. Qa4 Bc6 18. Qc2 b5 19. a3 a5 20. Ne5 Nxe5 21. dxe5 Ra8 22. e6 fxe6 23. Bxe6+ Kh8 24. Qg6 Rf8 25. Bxh6 Bf6 26. Bf5 Kg8 27. Be6+ Kh8 28. Bxg7+ Bxg7 29. Qh5+ Bh6 30. Qxh6# 1-0


[Site "https://www.chess.com"]